 Dungeon Crawl Stone Soup version 0.17-a0-1900-g45e8110 (webtiles) character file.

231 kae the Cleaver (level 6, -3/76 HPs)
             Began as a Hill Orc Fighter on Sept 24, 2015.
             Slain by a gnoll
             ... wielding a +0 halberd
              (6 damage)
             ... on level 3 of the Dungeon.
             The game lasted 00:02:51 (2333 turns).

kae the Cleaver (Hill Orc Fighter)                  Turns: 2333, Time: 00:02:51

Health: -3/76      AC: 23    Str: 19    XL:     6   Next: 3%
Magic:  6/6        EV:  2    Int:  8    God:
Gold:   117        SH:  9    Dex: 12    Spells: 0 memorised, 5 levels left

rFire  . . .     SeeInvis .     a - +0 war axe
rCold  . . .     Clarity  +     (armour currently unavailable)
rNeg   + + +     SustAt   .     c - +0 shield
rPois  +         Gourm    .     (helmet currently unavailable)
rElec  .         Spirit   .     (cloak currently unavailable)
rCorr  .         Warding  .     (gloves currently unavailable)
rMut   .         NoTele   +     (boots currently unavailable)
MR     .....                    n - amulet of clarity
Stlth  +.........               (no ring)
                                (no ring)

@: tree-form (expiring), very slightly contaminated, not resistant to hostile
enchantments, very unstealthy
A: no striking features
a: no special abilities


You were on level 3 of the Dungeon.
You were hungry.
You were a tree.
You visited 1 branch of the dungeon, and saw 3 of its levels.

You collected 117 gold pieces.

Inventory:

Hand weapons
 a - a +0 war axe (weapon)
Armour
 b - a +0 scale mail (melded)
 c - a +0 shield (worn)
Jewellery
 g - an uncursed amulet of rage
 n - an amulet of clarity (around neck)
Scrolls
 j - a scroll of recharging
 k - a scroll of identify
 l - a scroll of remove curse
 o - 2 scrolls of fog
Potions
 d - 2 potions of might
 i - 3 potions of brilliance
 m - a potion of lignification
 p - a potion of invisibility
Comestibles
 e - 6 bread rations
 h - 2 meat rations
 q - 3 chunks of flesh


   Skills:
 - Level 3.6 Fighting
 + Level 8.0 Axes
 - Level 3.2 Armour
 - Level 3.2 Shields


You had 5 spell levels left.
You didn't know any spells.

Dungeon Overview and Level Annotations

Branches:
Dungeon (3/15)

Altars:
Yredelemnul

Annotations:
D:2 Crazy Yiuf


Message History

The gnoll hits you but does no damage.
The gnoll hits you from afar with a halberd.
* * * LOW HITPOINT WARNING * * *
The gnoll hits you but does no damage. The gnoll hits you but does no damage.
You block the gnoll's attack. The gnoll hits you but does no damage.
You block the gnoll's attack. The gnoll hits you but does no damage.
The gnoll hits you but does no damage. x2
The gnoll hits you but does no damage. The gnoll hits you but does no damage.
You block the gnoll's attack. The gnoll hits you but does no damage.
You block the gnoll's attack.
The gnoll hits you from afar with a spear.
* * * LOW HITPOINT WARNING * * *
The gnoll hits you but does no damage. x2
The gnoll hits you but does no damage. x2
Your transformation is almost over.
You block the gnoll's attack. The gnoll hits you but does no damage.
The gnoll hits you but does no damage.
The gnoll hits you from afar with a halberd.
You die...

#####...[.....#........###
###...
#.........#..<.......###...#
#..................#.......##
#.........#........###..##...
##.......##.........#..###...
##.....#####.........####...
####### #§§#######..)..)†#
#§## ####..†.. #♣# #.##..
#.§§# ...#... ##g§g ........
...## ....##.### ..### ....
.# ... .... ## .?## ..#


You could see 2 gnolls.

Vanquished Creatures
  2 orc wizards (D:3)
  2 orc priests (D:3)
  A gnoll (D:3)
  3 adders
  2 oozes
  2 giant geckos
  6 orcs
  4 bats
  4 giant cockroaches
  9 hobgoblins
  2 jackals (D:3)
  6 kobolds
  A quokka (D:3)
  A ball python (D:1)
  2 giant newts
  5 goblins
  9 rats
61 creatures vanquished.

Notes
Turn   | Place    | Note
--------------------------------------------------------------
     0 | D:1      | kae the Hill Orc Fighter began the quest for the Orb.
     0 | D:1      | Reached XP level 1. HP: 19/19 MP: 1/1
    23 | D:1      | Reached XP level 2. HP: 16/26 MP: 2/2
   297 | D:1      | Reached skill level 4 in Axes
   359 | D:1      | Reached XP level 3. HP: 14/31 MP: 3/3
  1121 | D:2      | Reached skill level 5 in Axes
  1221 | D:2      | Reached XP level 4. HP: 39/39 MP: 4/4
  1604 | D:2      | Noticed Crazy Yiuf
  1787 | D:3      | Reached skill level 6 in Axes
  1907 | D:3      | Reached XP level 5. HP: 8/45 MP: 5/5
  2134 | D:3      | Found a basalt altar of Yredelemnul.
  2146 | D:3      | Reached skill level 7 in Axes
  2297 | D:3      | Reached skill level 8 in Axes
  2297 | D:3      | Reached XP level 6. HP: 20/51 MP: 6/6
  2321 | D:3      | HP: 1/76 [gnoll/halberd (3)]
  2329 | D:3      | HP: 2/76 [gnoll/spear (1)]
  2333 | D:3      | Slain by a gnoll

Vault maps used:
D:1:      lemuel_arrival_cross
D:2:      minitemple, first_bread, uniq_crazy_yiuf_cottage
D:3:      overflow_temple_1_default, kennysheep_flooded_box

Action                   |  1- 3 |  4- 6 || total
-------------------------+-------+-------++-------
Melee: War axe           |    93 |    82 ||   175
       Unarmed           |       |     5 ||     5
  Use: Scroll            |     3 |     3 ||     6
       Potion            |       |     2 ||     2
  Eat: Chunk             |     1 |     3 ||     4
